 Dungeon Crawl Stone Soup version 0.28-a0-751-gef3a642a4e (webtiles) character file.

Game seed: 5765252917618676363

31 bande the Covered (level 3, 20/20 HPs)
             Began as a Gargoyle Fighter on Oct 31, 2021.
             Quit the game on level 2 of the Dungeon.
             The game lasted 00:02:12 (1592 turns).

bande the Covered (Gargoyle Fighter)                Turns: 1592, Time: 00:02:12

Health: 20/20      AC: 12    Str: 20    XL:     3   Next: 22%
Magic:  3/3        EV:  7    Int:  8    God:
Gold:   55         SH:  4    Dex:  9    Spells: 2/2 levels left

rFire   . . .      SeeInvis .   a - +0 war axe
rCold   . . .      Faith    .   c - +0 buckler
rNeg    + + .      Spirit   .   g - +0 chain mail
rPois   ∞          Reflect  .   (no helmet)
rElec   +          Harm     .   (no cloak)
rCorr   .          Rampage  .   (no gloves)
Will    .....                   (no boots)
Stlth   ..........              (no amulet)
HPRegen 0.06/turn               b - ring of positive energy
MPRegen 0.08/turn               (no ring)

@: no status effects
A: sickness immunity, AC +3, negative energy resistance 1, electricity
resistance, torment resistance 1, petrification resistance, frail 1, subdued
magic 1
a: no special abilities


You were on level 2 of the Dungeon.
You visited 1 branch of the dungeon, and saw 2 of its levels.

You collected 55 gold pieces.

Inventory:

Hand Weapons
 a - a +0 war axe (weapon)
Armour
 c - a +0 buckler (worn)
 g - a +0 chain mail (worn)
Jewellery
 b - a ring of positive energy (left hand)
Potions
 d - a potion of might


   Skills:
 + Level 3.6 Fighting
 + Level 2.1 Axes
 + Level 3.9 Armour
 + Level 3.5 Shields


You had 2 spell levels left.
You didn't know any spells.
Your spell library was empty.

Dungeon Overview and Level Annotations

Branches:
Dungeon (2/15)

Altars:


Innate Abilities, Weirdness & Mutations

You are immune to sickness and miasma.
Your stone body is resilient. (AC +3)
You are immune to poison.
You resist negative energy. (rN+)
You are resistant to electric shocks. (rElec)
You are resistant to unholy torment.
You are immune to petrification.
You are frail. (-10% HP)
Your spells are a little easier to cast, but a little less powerful.


Message History

You see here 22 stones.
A bat comes into view.
The bat hits you but does no damage.
You slash the bat!
You kill the bat!
No target in view!
No target in view!
No target in view!
No target in view!
No target in view!
No target in view!
h - a scroll labelled QOWNAI LIBLOIT A hobgoblin comes into view.
The hobgoblin shouts!
The hobgoblin hits you but does no damage.
You closely miss the hobgoblin. The hobgoblin barely misses you.
The hobgoblin hits you.
You barely miss the hobgoblin.
The hobgoblin hits you but does no damage.
You barely miss the hobgoblin. The hobgoblin closely misses you.
You block the hobgoblin's attack.
You hit the hobgoblin.
You kill the hobgoblin!
No target in view!
No target in view!
No target in view!
No target in view!
No target in view!
b - a ring of positive energy (left hand)
As you read the scroll labelled AJEOKL BIPH, it crumbles to dust.
The air around you briefly surges with heat, but it dissipates.
It was a scroll of immolation.
As you read the scroll labelled QOWNAI LIBLOIT, it crumbles to dust.
It is a scroll of identify.
e - a potion of mutation Really quaff the potion of mutation?
You feel extremely strange.
Your connection to magic feels subdued.
You feel frail.
Autopickup is now off.
Are you sure you want to abandon this character and quit the game? (Confirm with "yes".)

#.#.. ...# ##...## ....
#..# ##.....## #.. #..#
#.......#
#..##..####.......#
#................#
#..#.######.....##
##...............#
#.##............#
#.#........@....#
#.#............##
##.#...........##
#####..#.............
#.....##..............
......................#
....#.................#
......##..............#
.....## .....


There were no monsters in sight!

Vanquished Creatures
  2 worms (D:1)
  An endoplasm (D:1)
  A giant cockroach (D:1)
  3 goblins (D:1)
  2 hobgoblins
  3 jackals
  3 ball pythons (D:1)
  3 bats
  A frilled lizard (D:1)
  3 kobolds
  3 rats
25 creatures vanquished.

Vanquished Creatures (others)
  4 plants (D:1)
4 creatures vanquished.

Grand Total: 29 creatures vanquished

Notes
Turn   | Place    | Note
-------+----------+-------------------------------------------
     0 | D:1      | bande the Gargoyle Fighter began the quest for the Orb.
     0 | D:1      | Reached XP level 1. HP: 14/14 MP: 1/1
   400 | D:1      | Reached XP level 2. HP: 17/19 MP: 2/2
   692 | D:1      | Found a faded altar of an unknown god.
   922 | D:1      | Reached XP level 3. HP: 2/23 MP: 3/3
  1591 | D:2      | Gained mutation: Your spells are a little easier to cast,
                  | but a little less powerful. [potion of mutation]
  1591 | D:2      | Gained mutation: You are frail. (-10% HP) [potion of
                  | mutation]
  1592 | D:2      | Quit the game

Illustrated notes

Levels and vault maps discovered:
D:1:      psy_arrival_statuary, layout_rooms,
          hellmonk_ecumenical_altar_arch_garden, serial_bayou_pond_c,
          interstate_on_off
D:2:      layout_rooms, chequers_serial_rivers_micro_a

Skill      XL: |  1  2 |
---------------+-------+-----
Axes           | 2 |  2.1
Fighting       | |  3.6
Armour         | |  3.9
Shields        | |  3.5

Action                   || total
-------------------------++-------
Melee: War axe           ||    92
  Use: Scroll            ||     2
       Potion            ||     1
Armor: Scale mail        ||    17
       Chain mail        ||    64
Dodge: Dodged            ||    54
Block: Buckler           ||    21

Table legend: (Time is in decaauts)
 A = Elapsed time spent in this place.
 B = Non-inter-level travel time spent in this place.
 C = Inter-level travel time spent in this place.
 D = Time resting spent in this place.
 E = Time spent auto-exploring this place.
 F = Levels seen in this place.
 G = Mean time per level.
                   A        B        C        D        E       F      G
               +--------+--------+--------+--------+--------+-----+--------+
         Total |   1638 |   1614 |     24 |    609 |    735 |   2 |  819.0 |
       Dungeon |   1638 |   1614 |     24 |    609 |    735 |   2 |  819.0 |
               +--------+--------+--------+--------+--------+-----+--------+

Top non-repeatable levels by time:
     D:1: 1452 daAuts
     D:2: 186 daAuts
